PBL
TAMPA BAY RAYS @ MINNESOTA TWINS
05/25/2071
 
TOP OF THE 1ST
Tampa Bay Rays batting - Pitching for Minnesota Twins : LHP Wes Bell
Pitching: LHP Wes Bell
Batting: RHB Ken Potter 0-0: Ball
1-0: Called Strike
1-1: Ground out 6-3 (Groundball, 6S, EV 90.6 MPH)
Batting: LHB Manuel Gonzáles 0-0: SINGLE (Line Drive, 89S, EV 96.3 MPH)
Batting: RHB Tom Pike 0-0: Ball
1-0: Foul Ball, location: 5FF
1-1: Foul Ball, location: 2F
1-2: Strikes out swinging
Batting: RHB Jorge Baca 0-0: Ball
1-0: Ball
2-0: Called Strike
2-1: Ball
3-1: Foul Ball, location: 2F
3-2: Fly out, F8 (Flyball, 8LM, EV 85.6 MPH)
Top of the 1st over - 0 runs, 1 hit, 0 errors, 1 left on base; Tampa Bay 0 - Minnesota 0
BOTTOM OF THE 1ST
Minnesota Twins batting - Pitching for Tampa Bay Rays : RHP Ramón Candeléria
Pitching: RHP Ramón Candeléria
Batting: LHB Leandro Vargo 0-0: Called Strike
0-1: Foul Ball, location: 5FF
0-2: Fly out, F5 (Popup, 25F, EV 89.4 MPH)
Batting: RHB Jamal Cervantes 0-0: Called Strike
0-1: Foul Ball, location: 2F
0-2: Ball
1-2: Ground out U3 (Groundball, 34S, EV 69.4 MPH)
Batting: LHB Geoffrey Foster 0-0: Foul Ball, location: 3F
0-1: Swinging Strike
0-2: Ball
1-2: Ball
2-2: Foul Ball, location: 3DF
2-2: Strikes out looking
Bottom of the 1st over - 0 runs, 0 hits, 0 errors, 0 left on base; Tampa Bay 0 - Minnesota 0
TOP OF THE 2ND
Tampa Bay Rays batting - Pitching for Minnesota Twins : LHP Wes Bell
Batting: LHB Oliver Whitley 0-0: Ball
1-0: Fly out, F4 (Popup, 4, EV 57.5 MPH)
Batting: RHB Colt Keeling 0-0: Ball
1-0: Foul Ball, location: 9LSF
1-1: Ball
2-1: Called Strike
2-2: Strikes out looking
Batting: SHB Barry Huffman 0-0: Ball
1-0: Called Strike
1-1: Swinging Strike
1-2: Ball
2-2: Ball
3-2: Fly out, F8 (Flyball, 78S, EV 91.3 MPH)
Top of the 2nd over - 0 runs, 0 hits, 0 errors, 0 left on base; Tampa Bay 0 - Minnesota 0
BOTTOM OF THE 2ND
Minnesota Twins batting - Pitching for Tampa Bay Rays : RHP Ramón Candeléria
Batting: RHB Rafael Negrete 0-0: Ball
1-0: Called Strike
1-1: Called Strike
1-2: Ball
2-2: DOUBLE (Line Drive, 78XD, EV 106.3 MPH)
Batting: LHB Raúl Rodríguez 0-0: Ball
1-0: Ball
2-0: Swinging Strike
2-1: Foul Ball, location: 2F
2-2: DOUBLE (Line Drive, 5D, EV 99.4 MPH)
Rafael Negrete scores
Batting: RHB Ronald Livingston 0-0: Ball
1-0: DOUBLE (Flyball, 8LXD, EV 103.1 MPH)
Raúl Rodríguez scores
Batting: LHB Ignacio Chávez 0-0: Called Strike
0-1: Ball
1-1: Foul Ball, location: 2F
1-2: Ground out 4-3 (Groundball, 34, EV 99.4 MPH)
Ronald Livingston to third
Batting: RHB Rafael Lorenzo 0-0: Called Strike
0-1: Ball
1-1: Ground out 6-3 (Groundball, 6, EV 83.1 MPH)
Ronald Livingston scores
Batting: RHB Michael Crouss 0-0: Ball
1-0: Ball
2-0: Ball
3-0: Base on Balls
Batting: LHB Leandro Vargo 0-0: Called Strike
0-1: Ball
1-1: Called Strike
1-2: Ball
2-2: Foul Ball, location: 2F
2-2: Ball
3-2: Ground out 5-3 (Groundball, 56, EV 77.5 MPH)
Bottom of the 2nd over - 3 runs, 3 hits, 0 errors, 1 left on base; Tampa Bay 0 - Minnesota 3
TOP OF THE 3RD
Tampa Bay Rays batting - Pitching for Minnesota Twins : LHP Wes Bell
Batting: RHB Carlos Cruz 0-0: Swinging Strike
0-1: Ground out 2-3 (Groundball, 13S, EV 71.9 MPH)
Batting: RHB Paul Robertson 0-0: Called Strike
0-1: Fly out, F8 (Flyball, 89M, EV 85.0 MPH)
Batting: RHB Ken Potter 0-0: Ball
1-0: SOLO HOME RUN (Flyball, 9LD, EV 93.1 MPH), Distance : 364 ft
Batting: LHB Manuel Gonzáles 0-0: Called Strike
0-1: Swinging Strike
0-2: Fly out, F7 (Flyball, 78S, EV 83.8 MPH)
Top of the 3rd over - 1 run, 1 hit, 0 errors, 0 left on base; Tampa Bay 1 - Minnesota 3
BOTTOM OF THE 3RD
Minnesota Twins batting - Pitching for Tampa Bay Rays : RHP Ramón Candeléria
Batting: RHB Jamal Cervantes 0-0: Called Strike
0-1: Swinging Strike
0-2: Foul Ball, location: 9LDF
0-2: Fly out, F7 (Flyball, 78S, EV 78.8 MPH)
Batting: LHB Geoffrey Foster 0-0: Called Strike
0-1: Ball
1-1: Ball
2-1: Ball
3-1: DOUBLE (Line Drive, 89M, EV 94.4 MPH)
Batting: RHB Rafael Negrete 0-0: Ball
1-0: Ball
2-0: Foul Ball, location: 3FF
2-1: Foul Ball, location: 9LMF
2-2: Fly out, F7 (Flyball, 7S, EV 79.4 MPH)
Batting: LHB Raúl Rodríguez 0-0: Ball
1-0: DOUBLE (Flyball, 8LXD, EV 111.3 MPH)
Geoffrey Foster scores
Batting: RHB Ronald Livingston 0-0: Called Strike
0-1: Foul Ball, location: 5DF
0-2: Ball
1-2: Foul Ball, location: 9LDF
1-2: SINGLE (Groundball, 6MD, EV 110.0 MPH)
Raúl Rodríguez to third
Runner from 3rd tries for Home, SAFE, throw by CF to home
Pitching: RHP Stuart Black
Batting: LHB Ignacio Chávez 0-0: Called Strike
0-1: Foul Ball, location: 2F
0-2: Fielders Choice at 2nd, U6 (Groundball, 4, EV 84.4 MPH)
Bottom of the 3rd over - 2 runs, 3 hits, 0 errors, 1 left on base; Tampa Bay 1 - Minnesota 5
TOP OF THE 4TH
Tampa Bay Rays batting - Pitching for Minnesota Twins : LHP Wes Bell
Batting: RHB Tom Pike 0-0: Called Strike
0-1: Ball
1-1: Ground out 6-3 (Groundball, 6, EV 100.6 MPH)
Batting: RHB Jorge Baca 0-0: Ball
1-0: Ground out 5-3 (Groundball, 56, EV 105.0 MPH)
Batting: LHB Oliver Whitley 0-0: DOUBLE (Flyball, 89D, EV 88.1 MPH)
Batting: RHB Colt Keeling 0-0: Called Strike
0-1: Ball
1-1: Foul Ball, location: 7LDF
1-2: Ball
2-2: Ball
3-2: SINGLE (Flyball, 5D, EV 92.5 MPH)
Oliver Whitley to third
Runner from 3rd tries for Home, SAFE, throw by LF to home
Batting: SHB Barry Huffman 0-0: Foul Ball, location: 3SF
0-1: Called Strike
0-2: Ball
1-2: Foul Ball, location: 23FF
1-2: Fly out, F9 (Flyball, 9D, EV 111.9 MPH)
Top of the 4th over - 1 run, 2 hits, 0 errors, 1 left on base; Tampa Bay 2 - Minnesota 5
BOTTOM OF THE 4TH
Minnesota Twins batting - Pitching for Tampa Bay Rays : RHP Stuart Black
Batting: RHB Rafael Lorenzo 0-0: Ball
1-0: Swinging Strike
1-1: Swinging Strike
1-2: Ball
2-2: Ball
3-2: Fly out, F3 (Popup, 3, EV 66.9 MPH)
Batting: RHB Michael Crouss 0-0: Called Strike
0-1: Ball
1-1: Fly out, F6 (Popup, 6MS, EV 65.6 MPH)
Batting: LHB Leandro Vargo 0-0: Swinging Strike
0-1: Ball
1-1: Ball
2-1: Called Strike
2-2: Ball
3-2: Strikes out swinging
Bottom of the 4th over - 0 runs, 0 hits, 0 errors, 0 left on base; Tampa Bay 2 - Minnesota 5
TOP OF THE 5TH
Tampa Bay Rays batting - Pitching for Minnesota Twins : LHP Wes Bell
Batting: RHB Carlos Cruz 0-0: Foul Ball, location: 23F
0-1: Called Strike
0-2: Foul Ball, location: 2F
0-2: Fly out, F8 (Flyball, 89M, EV 89.4 MPH)
Batting: RHB Paul Robertson 0-0: Ball
1-0: Foul Ball, location: 2F
1-1: Called Strike
1-2: Ball
2-2: Strikes out swinging
Batting: RHB Ken Potter 0-0: Fly out, F7 (Flyball, 7LD, EV 100.6 MPH)
Top of the 5th over - 0 runs, 0 hits, 0 errors, 0 left on base; Tampa Bay 2 - Minnesota 5
BOTTOM OF THE 5TH
Minnesota Twins batting - Pitching for Tampa Bay Rays : RHP Stuart Black
Batting: RHB Jamal Cervantes 0-0: Foul Ball, location: 3SF
0-1: Swinging Strike
0-2: Foul Ball, location: 9LDF
0-2: Ball
1-2: Ball
2-2: Strikes out swinging
Batting: LHB Geoffrey Foster 0-0: Foul Ball, location: 2F
0-1: Fly out, F7 (Flyball, 78M, EV 96.3 MPH)
Batting: RHB Rafael Negrete 0-0: Fly out, F8 (Flyball, 89M, EV 87.5 MPH)
Bottom of the 5th over - 0 runs, 0 hits, 0 errors, 0 left on base; Tampa Bay 2 - Minnesota 5
TOP OF THE 6TH
Tampa Bay Rays batting - Pitching for Minnesota Twins : LHP Wes Bell
Batting: LHB Manuel Gonzáles 0-0: Ball
1-0: Ball
2-0: Called Strike
2-1: Ball
3-1: Fly out, F3 (Popup, 23F, EV 84.4 MPH)
Batting: RHB Tom Pike 0-0: Called Strike
0-1: Foul Ball, location: 9LSF
0-2: Ball
1-2: Strikes out swinging
Batting: RHB Jorge Baca 0-0: Ball
1-0: Ball
2-0: Ball
3-0: Fly out, F9 (Flyball, 89D, EV 96.9 MPH)
Top of the 6th over - 0 runs, 0 hits, 0 errors, 0 left on base; Tampa Bay 2 - Minnesota 5
BOTTOM OF THE 6TH
Minnesota Twins batting - Pitching for Tampa Bay Rays : RHP Stuart Black
Batting: LHB Raúl Rodríguez 0-0: Ball
1-0: Swinging Strike
1-1: Ball
2-1: Fly out, F8 (Flyball, 8LXD, EV 110.6 MPH)
Batting: RHB Ronald Livingston 0-0: Ball
1-0: Ball
2-0: Foul Ball, location: 2F
2-1: Ball
3-1: Swinging Strike
3-2: Foul Ball, location: 2RF
3-2: Strikes out looking
Batting: LHB Ignacio Chávez 0-0: Called Strike
0-1: Fly out, F9 (Flyball, 9LSF, EV 78.8 MPH)
Bottom of the 6th over - 0 runs, 0 hits, 0 errors, 0 left on base; Tampa Bay 2 - Minnesota 5
TOP OF THE 7TH
Tampa Bay Rays batting - Pitching for Minnesota Twins : LHP Wes Bell
Pitching: RHP Stanley Bond
Batting: LHB Oliver Whitley 0-0: Ball
1-0: Called Strike
1-1: Fly out, F9 (Flyball, 9, EV 93.1 MPH)
Batting: RHB Colt Keeling 0-0: Called Strike
0-1: Foul Ball, location: 9LMF
0-2: Foul Ball, location: 7LDF
0-2: Strikes out swinging
Batting: SHB Barry Huffman 0-0: SINGLE (Line Drive, 9LM, EV 105.0 MPH)
Batting: RHB Carlos Cruz 0-0: Ball
1-0: SINGLE (Line Drive, 4D, EV 102.5 MPH)
Barry Huffman to second
Batting: RHB Paul Robertson 0-0: Ball
1-0: Ball
2-0: Called Strike
2-1: DOUBLE (Line Drive, 8RXD, EV 110.0 MPH)
Barry Huffman scores
Carlos Cruz to third
Batting: RHB Ken Potter 0-0: Called Strike
0-1: Foul Ball, location: 2F
0-2: Ball
1-2: Ball
2-2: Ground out U3 (Groundball, 34S, EV 68.8 MPH)
Top of the 7th over - 1 run, 3 hits, 0 errors, 2 left on base; Tampa Bay 3 - Minnesota 5
BOTTOM OF THE 7TH
Minnesota Twins batting - Pitching for Tampa Bay Rays : RHP Stuart Black
Pitching: RHP Pete Myers
Batting: RHB Rafael Lorenzo 0-0: Ball
1-0: Foul Ball, location: 7LMF
1-1: Swinging Strike
1-2: Strikes out looking
Batting: RHB Michael Crouss 0-0: Ball
1-0: Swinging Strike
1-1: Foul Ball, location: 9LMF
1-2: Ball
2-2: Ball
3-2: Foul Ball, location: 3F
3-2: SINGLE (Line Drive, 8LS, EV 94.4 MPH)
Batting: LHB Leandro Vargo 0-0: Ball
1-0: Foul Ball, location: 3DF
1-1: Called Strike
1-2: SINGLE (Groundball, 3S, EV 70.6 MPH) (infield hit)
Michael Crouss to second
Batting: RHB Jamal Cervantes 0-0: SINGLE (Groundball, 6MD, EV 95.6 MPH)
Michael Crouss to third
Leandro Vargo to second
Runner from 3rd tries for Home, SAFE, throw by CF to home
Pitching: LHP Johnny Sizemo
Batting: LHB Geoffrey Foster 0-0: Ball
1-0: Ball
2-0: Called Strike
2-1: Foul Ball, location: 2RF
2-2: Strikes out looking
Batting: RHB Rafael Negrete 0-0: Swinging Strike
0-1: Swinging Strike
0-2: Strikes out swinging
Bottom of the 7th over - 1 run, 3 hits, 0 errors, 2 left on base; Tampa Bay 3 - Minnesota 6
TOP OF THE 8TH
Tampa Bay Rays batting - Pitching for Minnesota Twins : RHP Stanley Bond
Now at 3B: Britt Clark
Batting: LHB Manuel Gonzáles 0-0: Swinging Strike
0-1: Ball
1-1: Called Strike
1-2: Ball
2-2: Foul Ball, location: 2F
2-2: Strikes out swinging
Batting: RHB Tom Pike 0-0: Called Strike
0-1: Foul Ball, location: 5F
0-2: Ball
1-2: Strikes out swinging
Batting: RHB Jorge Baca 0-0: Ball
1-0: Ball
2-0: Ball
3-0: Called Strike
3-1: Fly out, F7 (Flyball, 78M, EV 97.5 MPH)
Top of the 8th over - 0 runs, 0 hits, 0 errors, 0 left on base; Tampa Bay 3 - Minnesota 6
BOTTOM OF THE 8TH
Minnesota Twins batting - Pitching for Tampa Bay Rays : LHP Johnny Sizemo
Batting: LHB Raúl Rodríguez 0-0: Ball
1-0: Foul Ball, location: 2F
1-1: Foul Ball, location: 25F
1-2: Foul Ball, location: 3FF
1-2: Foul Ball, location: 2F
1-2: Strikes out swinging
Batting: RHB Ronald Livingston 0-0: Called Strike
0-1: DOUBLE (Line Drive, 9LM, EV 108.1 MPH)
Batting: LHB Ignacio Chávez 0-0: Called Strike
0-1: Ground out 4-3 (Groundball, 4, EV 82.5 MPH)
Ronald Livingston to third
Batting: RHB Rafael Lorenzo 0-0: Called Strike
Balk!
Ronald Livingston scores
0-1: Fly out, F9 (Line Drive, 9D, EV 97.5 MPH)
Bottom of the 8th over - 1 run, 1 hit, 0 errors, 0 left on base; Tampa Bay 3 - Minnesota 7
TOP OF THE 9TH
Tampa Bay Rays batting - Pitching for Minnesota Twins : RHP Stanley Bond
Pitching: RHP Carlos Hernández
Batting: LHB Oliver Whitley 0-0: Called Strike
0-1: Ball
1-1: Foul Ball, location: 7LSF
1-2: Strikes out swinging
Batting: RHB Colt Keeling 0-0: SINGLE (Groundball, 6D, EV 98.1 MPH)
Batting: SHB Barry Huffman 0-0: Called Strike
0-1: Called Strike
0-2: Foul Ball, location: 2F
0-2: Ball
1-2: Ball
2-2: Strikes out swinging
Batting: RHB Carlos Cruz 0-0: Ball
1-0: Called Strike
1-1: Ground out 5-3 (Groundball, 25, EV 84.4 MPH)
Top of the 9th over - 0 runs, 1 hit, 0 errors, 1 left on base; Tampa Bay 3 - Minnesota 7
Thursday, April 18th , 2024 - OOTP Baseball 24.10 Build 82